 Dungeon Crawl Stone Soup version 0.21-a0-513-gdcb3f5e (webtiles) character file.

1 theanonym the Charlatan (level 1, -1/17 HPs)
             Began as a Gnoll Artificer on Dec 1, 2017.
             Slain by a kobold
             ... wielding a +0 dagger of electrocution
              (16 damage)
             ... on level 1 of the Dungeon.
             The game lasted 00:00:04 (42 turns).

theanonym the Charlatan (Gnoll Artificer)             Turns: 42, Time: 00:00:05

Health: -1/17      AC:  3    Str: 14    XL:     1   Next: 20%
Magic:  4/4        EV: 14    Int: 13    God:
Gold:   0          SH:  0    Dex: 15    Spells: 0/0 levels left

rFire    . . .     SeeInvis .   a - +0 short sword
rCold    . . .     Gourm    .   (no shield)
rNeg     . . .     Faith    .   b - +0 leather armour
rPois    .         Spirit   .   (no helmet)
rElec    .         Reflect  .   (no cloak)
rCorr    .         Harm     .   (no gloves)
MR       .....                  (no boots)
Stlth    ++........             (no amulet)
HPRegen  0.05/turn              (no ring)
MPRegen  0.09/turn              (no ring)

@: no status effects
A: distributed training, fangs 1, strong nose
a: no special abilities


Innate Abilities, Weirdness & Mutations

Your experience applies equally to all skills.
You have very sharp teeth.
Your uncanny sense of smell can sniff out nearby items.


   Skills:
 + Level 2.3 Fighting
 + Level 2.3 Short Blades
 + Level 0.0 Long Blades
 + Level 0.0 Axes
 + Level 0.0 Maces & Flails
 + Level 0.0 Polearms
 + Level 0.0 Staves
 + Level 0.0 Slings
 + Level 0.0 Bows
 + Level 0.0 Crossbows
 + Level 0.0 Throwing
 + Level 0.0 Armour
 + Level 4.4 Dodging
 + Level 2.1 Stealth
 + Level 0.0 Shields
 + Level 0.0 Unarmed Combat
 + Level 0.0 Spellcasting
 + Level 0.0 Conjurations
 + Level 0.0 Hexes
 + Level 0.0 Charms
 + Level 0.0 Summonings
 + Level 0.0 Necromancy
 + Level 0.0 Translocations
 + Level 0.0 Transmutations
 + Level 0.0 Fire Magic
 + Level 0.0 Ice Magic
 + Level 0.0 Air Magic
 + Level 0.0 Earth Magic
 + Level 0.0 Poison Magic
 + Level 0.0 Invocations
 + Level 6.4 Evocations


You couldn't memorise any spells.
You didn't know any spells.

Action                   || total
-------------------------++-------
Melee: Short sword       ||     6
       Bite              ||     1
Armor: Leather armour    ||     1
Dodge: Dodged            ||     5

Inventory:

Hand Weapons
 a - a +0 short sword (weapon)
Armour
 b - a +0 leather armour (worn)
Wands
 c - a wand of flame (15)
 d - a wand of enslavement (15)
 e - a wand of random effects (15)
Comestibles
 f - a bread ration

Dungeon Overview and Level Annotations

Branches:
Dungeon (1/15)

Altars:


You were on level 1 of the Dungeon.
You were not hungry.

You visited 1 branch of the dungeon, and saw 1 of its levels.


Message History

Welcome, theanonym the Gnoll Artificer.
Will you be the one to retrieve the fabulous Orb of Zot from the depths?
Found a staircase leading out of the dungeon.
Found 20 bolts.
Found a stone staircase leading down.
A hobgoblin and a kobold come into view.
The kobold is wielding a dagger of electrocution.
The kobold throws a stone.
The stone misses you.
Found an escape hatch in the floor.
You see here a stone.
You see here 16 gold pieces.
Save game and exit?
Welcome back, theanonym the Gnoll Artificer.
The hobgoblin shouts!
You hit the hobgoblin but do no damage. The kobold completely misses you.
You hit the hobgoblin but do no damage. You bite the hobgoblin.
The hobgoblin hits you with a club. The kobold barely misses you.
You take 1 damage, and have 16/17 hp.
You hit the hobgoblin.
You kill the hobgoblin!
The kobold misses you.
Your leather armour prevents you from hitting the kobold.
The kobold hits you with a dagger of electrocution.
You take 1 damage, and have 15/17 hp.
You closely miss the kobold. The kobold barely misses you.
You hit the kobold but do no damage. The kobold hits you but does no damage.
You are electrocuted!
Ouch! That really hurt!
You die...

###########
..........#
.########.# .#
#.######## .#
#......(.# .###
########$# ...# #@#
.#.### #)K>#
.....###### #....#
.#.#......# #.#...#
(#.#......##...####
.#.......>#....
.###......#. ..
..........#....
.##########


You could see a kobold.

Notes
Turn   | Place    | Note
-------+----------+-------------------------------------------
     0 | D:1      | theanonym the Gnoll Artificer began the quest for the Orb.
     0 | D:1      | Reached XP level 1. HP: 17/17 MP: 4/4
    42 | D:1      | Slain by a kobold

Vanquished Creatures
  A hobgoblin (D:1)
1 creature vanquished.
